 Dungeon Crawl Stone Soup version 0.30-a0-782-ge64f9170bb (webtiles) character file.

Game seed: 9845875574931147471

7222 Flugkiller the Geomancer (level 11, -18/81 HPs)
             Began as a Formicid Wanderer on Feb 24, 2023.
             Was a Believer of Okawaru.
             Demolished by Urug
             ... wielding a +9 great sword
              (29 damage)
             ... on level 10 of the Dungeon.
             The game lasted 00:24:29 (9954 turns).

Flugkiller the Geomancer (Formicid Wanderer)        Turns: 9954, Time: 00:24:30

Health: -18/81     AC:  2    Str: 15    XL:     11   Next: 33%
Magic:  19/21      EV: 30    Int: 13    God:    Okawaru [**....]
Gold:   407        SH:  0    Dex: 23    Spells: 13/24 levels left

rFire   . . .      SeeInvis .      - Unarmed
rCold   . . .      Faith    .    (shield currently unavailable)
rNeg    . . .      Spirit   .    (body armour currently unavailable)
rPois   x          Reflect  .    (helmet unavailable)
rElec   .          Harm     .    (cloak currently unavailable)
rCorr   .          Rampage  .    (gloves currently unavailable)
Will    +....                    (boots currently unavailable)
Stlth   +++                      B - amulet of magic regeneration
HPRegen 0.33/turn                v - +5 ring of evasion
MPRegen 0.57/turn                t - ring of wizardry

@: spider-form
A: venomous fangs, permanent stasis, dig shafts and tunnels, tiny, (antennae 3),
four strong arms
a: End Transformation, Renounce Religion, Heroism


You were on level 10 of the Dungeon.
You worshipped Okawaru.
Okawaru was pleased with you.
You were a venomous arachnid creature.
You visited 1 branch of the dungeon, and saw 10 of its levels.

You collected 659 gold pieces.
You spent 252 gold pieces at shops.

Inventory:

Missiles
 q - 3 throwing nets
Armour
 b - a +1 pair of gloves (melded)
 s - the +1 leather armour "Iphugg" (melded) {Will+ Regen+ Str+3}
   (You found it on level 2 of the Dungeon)

   Str:       It affects your strength (+3).
   Regen:     It increases your rate of health regeneration.
   Will:      It increases your willpower.
 w - the +0 cloak of the Orange (melded) {rElec rF+ Will+ MP+9}
   (You found it on level 8 of the Dungeon)

   rF:        It protects you from fire.
   rElec:     It insulates you from electricity.
   MP:        It affects your magic capacity (+9).
   Will:      It increases your willpower.
Magical Staves
 K - a staff of earth (melded)
   (You acquired it on level 8 of the Dungeon)
Jewellery
 e - a ring of magical power
   (You found it on level 5 of the Dungeon)
 t - a ring of wizardry (right front pincers)
   (You found it on level 6 of the Dungeon)
 v - a +5 ring of evasion (left front pincers)
   (You found it on level 8 of the Dungeon)
 x - a ring of resist corrosion
   (You found it on level 2 of the Dungeon)
 B - an amulet of magic regeneration (around neck)
   (You found it on level 2 of the Dungeon)
 D - a ring of ice
   (You found it on level 3 of the Dungeon)
 H - a ring of positive energy
   (You found it on level 7 of the Dungeon)
Wands
 o - a wand of flame (22)
   (You found it on level 2 of the Dungeon)
 A - a wand of mindburst (8)
   (You found it on level 8 of the Dungeon)
 G - a wand of roots (16)
   (You found it on level 7 of the Dungeon)
 J - a wand of digging (6)
   (You bought it in a shop on level 8 of the Dungeon)
 M - a wand of polymorph (7)
   (You found it on level 8 of the Dungeon)
Scrolls
 g - 2 scrolls of amnesia
 h - 2 scrolls of vulnerability
 j - 3 scrolls of immolation
 l - 2 scrolls of poison
 y - a scroll of magic mapping {unknown}
 I - a scroll of silence {unknown}
 L - 3 scrolls of torment
Potions
 c - 2 potions of attraction
 d - a potion of might
 i - a potion of lignification
 k - a potion of ambrosia {unknown}
 n - 4 potions of resistance
 u - a potion of flight {unknown}
 z - 2 potions of mutation
 C - 5 potions of brilliance
 F - 3 potions of cancellation


   Skills:
 - Level 6.0 Fighting
 - Level 2.0 Axes
 - Level 1.1 Armour
 - Level 6.0 Dodging
 - Level 2.4 Stealth
 - Level 6.0 Unarmed Combat
 - Level 7.0 Spellcasting
 + Level 8.2 Transmutations
 - Level 1.0 Air Magic
 + Level 8.2 Earth Magic
 - Level 6.0 Poison Magic


You had 13 spell levels left.
You knew the following spells:

 Your Spells              Type           Power      Damage    Failure   Level
a - Beastly Appendage     Tmut           50%        N/A       1%          1
b - Spider Form           Tmut/Pois      23%        N/A       4%          3
c - Poisonous Vapours     Pois/Air       26%        N/A       6%          2
d - Lee's Rapid Deconstr  Erth           13%        3d9*      13%         5

Your spell library contained the following spells:

 Spells                   Type           Power      Damage    Failure   Level
 Passwall                 Tmut/Erth      21%        N/A       1%          2
 Ignite Poison            Fire/Tmut/Pois 16%        N/A       8%          3
 Cigotuvi's Dreadful Rot  Necr/Pois/Air  20%        N/A       9%          2
 Blade Hands              Tmut           12%        N/A       13%         5
 Apportation              Tloc           8%         N/A       14%         1
 Mephitic Cloud           Conj/Pois/Air  10%        N/A       16%         3
 Leda's Liquefaction      Hex/Erth       7%         N/A       22%         4
 Portal Projectile        Hex/Tloc       8%         N/A       32%         3
 Borgnjor's Vile Clutch   Necr/Erth      7%         N/A       45%         5
 Irradiate                Conj/Tmut      7%         3d14      45%         5
 Statue Form              Tmut/Erth      17%        N/A       45%         6
 Airstrike                Air            3%         2d(1-17)  52%         4
 Eringya's Noxious Bog    Tmut/Pois      11%        N/A       58%         6
 Maxwell's Capacitive Co  Air            3%         ∞         100%        8
 Tukima's Dance           Hex            Unusable   N/A       N/A         3
 Animate Dead             Necr           Unusable   N/A       N/A         4
 Death Channel            Necr           Unusable   N/A       N/A         6

Dungeon Overview and Level Annotations

Branches:
Dungeon (10/15) Zot: 26529  Temple (0/1) D:6            Lair (0/5) D:8
    Orc: D:9-12

Altars:
Ashenzari
Cheibriados
Kikubaaqudgha
Nemelex Xobeh
Okawaru
Sif Muna
Trog
Vehumet
Wu Jian
Xom
Yredelemnul
Zin

Shops:
D:5 (?!:   D:6 [!(   D:8 *

Annotations:
D:10 Urug


Innate Abilities, Weirdness & Mutations

You are a venomous arachnid creature.
You have venomous fangs.
You are tiny and dextrous.
Your spellcasting is less reliable in this form.
Your armour is entirely melded.
You are incapable of wielding weapons or throwing items.
You cannot be hasted, slowed, berserked, paralysed or teleported.
You can dig through walls and to a lower floor.
((You have a pair of large antennae on your head. (SInv)))
Your four strong arms can wield two-handed weapons with a shield.


Message History

The kobold brigand is moderately wounded.
Your transformation has ended.
Your staff of earth unmelds from your body.
The +0 cloak of the Orange {rElec rF+ Will+ MP+9} unmelds from your body.
Your +1 pair of gloves unmelds from your body.
The +1 leather armour "Iphugg" {Will+ Regen+ Str+3} unmelds from your body.
The kobold brigand misses you.
You barely miss the kobold brigand.
The kobold brigand is moderately wounded.
The kobold brigand hits you with a +0 dagger.
You hit the kobold brigand but do no damage.
The kobold brigand is moderately wounded.
The kobold brigand completely misses you.
Casting: Spider Form (safe; 1% risk of failure)
Confirm with . or Enter, or press ? or * to list all spells.
You turn into a venomous arachnid creature.
Your staff of earth melds into your body.
The +0 cloak of the Orange {rElec rF+ Will+ MP+9} melds into your body.
Your +1 pair of gloves melds into your body.
The +1 leather armour "Iphugg" {Will+ Regen+ Str+3} melds into your body.
You feel your magic capacity decrease.
The kobold brigand completely misses you.
You hit the kobold brigand.
The kobold brigand is severely wounded.
The kobold brigand barely misses you.
You bite the kobold brigand!
You kill the kobold brigand!
Okawaru accepts your kill.
Things that are here:
a +0 dagger; 2 poisoned darts; a kobold corpse
Things that are here:
a +1 dagger of electrocution; a kobold corpse You start resting.
Magic restored.
You now have 407 gold pieces (gained 12).
Things that are here:
a +1 dagger of electrocution; a kobold corpse Your transformation is almost over.
HP restored.
Found a ring mail.
Your transformation has ended.
Your staff of earth unmelds from your body.
The +0 cloak of the Orange {rElec rF+ Will+ MP+9} unmelds from your body.
Your +1 pair of gloves unmelds from your body.
The +1 leather armour "Iphugg" {Will+ Regen+ Str+3} unmelds from your body.
r - a scroll of identify Unknown command.
As you read the scroll of identify, it crumbles to dust.
C - 5 potions of brilliance
Casting: Spider Form (safe; 1% risk of failure)
Confirm with . or Enter, or press ? or * to list all spells.
Aiming: Poisonous Vapours (safe; 2% risk of failure)
Press: ? - help, Dir - move target, f - Urug
Aim: Urug, wielding a +9 great sword, wearing a +0 scale mail and quivering javelins (asleep) Poisonous vapours surround Urug!
Urug is poisoned.
Urug shouts!
Urug throws a javelin.
The javelin pierces through you!
Casting: Poisonous Vapours (safe; 2% risk of failure)
Confirm with . or Enter, or press ? or * to list all spells.
Aiming: Poisonous Vapours (safe; 2% risk of failure)
Press: ? - help, Dir - move target, f/p - Urug
Aim: Urug, wielding a +9 great sword, wearing a +0 scale mail and quivering javelins (poisoned) Poisonous vapours surround Urug!
Urug looks even sicker.
Casting: Poisonous Vapours (safe; 2% risk of failure)
Confirm with . or Enter, or press ? or * to list all spells.
You turn into a venomous arachnid creature.
Your staff of earth melds into your body.
The +0 cloak of the Orange {rElec rF+ Will+ MP+9} melds into your body.
Your +1 pair of gloves melds into your body.
The +1 leather armour "Iphugg" {Will+ Regen+ Str+3} melds into your body.
You feel your magic capacity decrease.
You hit Urug but do no damage.
Urug looks as sick as possible!
Urug is lightly wounded.
Urug drinks a potion.
Urug is healed!
Urug looks more healthy.
You hit Urug.
Urug is poisoned.
Urug is lightly wounded.
You barely miss Urug.
Urug is lightly wounded.
Urug hits you with a +9 great sword!!!
You are too injured to fight recklessly!
Okay, then.
Okay, then.
Okay, then.
Aiming: Fastroot
Press: ? - help, Shift-Dir - straight line, f/p - Urug
Aim: Urug, wielding a +9 great sword, wearing a +0 scale mail and quivering javelins (lightly wounded, very poisoned)
The roots erupt in riotous growth!
Roots grab Urug.
The grasping roots constrict Urug.
Urug hits you with a +9 great sword!!
* * * LOW HITPOINT WARNING * * *
The grasping roots constrict Urug!
The roots release their grip on Urug.
Okay, then.
Okay, then.
Aiming: Fastroot
Press: ? - help, Shift-Dir - straight line, f/p - Urug
Aim: Urug, wielding a +9 great sword, wearing a +0 scale mail and quivering javelins (lightly wounded, very poisoned)
The roots erupt in riotous growth!
Roots grab Urug.
The grasping roots constrict Urug.
Urug hits you with a +9 great sword!!
You die...

#.#.......#.#######.......
####.....######......>...#
##...## ##..##........
#.... ##............#
##... #............## ##.
##..[.##.......# #..
##..#####.......#
#.###..## #.......#
#..os.## ##.....## #######
##...## ####


You could see Urug (very poisoned, rooted).

Vanquished Creatures
  A hornet (D:9)
  16 yaks
  A wraith (D:10)
  A wyvern (D:9)
  Menkaure (D:4)
  2 wargs (D:7)
  3 orc warriors
  3 black bears
  2 ice beasts
  A sky beast (D:7)
  2 ogres
  4 centaurs
  A phantom (D:6)
  A kobold brigand (D:10)
  4 gnoll sergeants
  3 necrophages
  4 bullfrogs
  13 wights
  5 killer bees (D:7)
  5 howler monkeys
  A hound (D:5)
  3 jellies
  A gnoll bouda (D:6)
  4 orc priests
  3 iguanas
  Natasha (D:2)
  4 orc wizards
  22 gnolls
  8 adders
  A shadow imp (D:7)
  3 white imps
  2 dart slugs
  3 worms
  20 orcs
  7 ball pythons
  7 bats
  7 endoplasms
  10 giant cockroaches
  8 goblins
  8 hobgoblins
  4 jackals (D:5)
  9 kobolds
  5 quokkas
  5 frilled lizards
  4 rats
223 creatures vanquished.

Vanquished Creatures (others)
  24 fungi
  A plant (D:8)
25 creatures vanquished.

Grand Total: 248 creatures vanquished

Notes
Turn   | Place    | Note
-------+----------+-------------------------------------------
     0 | D:1      | Flugkiller the Formicid Wanderer began the quest for the
                  | Orb.
     0 | D:1      | Flugkiller set off with the following items: a +2 hand axe,
                  | a +0 pair of gloves, a +0 leather armour, a potion of
                  | curing; and the following spell memorised: Beastly
                  | Appendage; and the following spells available to memorise:
                  | Spider Form.
     0 | D:1      | Reached XP level 1. HP: 15/15 MP: 2/2
    48 | D:1      | Reached skill level 1 in Poison Magic
    48 | D:1      | Reached XP level 2. HP: 18/21 MP: 4/4
   123 | D:1      | Reached XP level 3. HP: 14/26 MP: 5/5
   526 | D:1      | Found a faded altar of an unknown god.
   722 | D:2      | Reached XP level 4. HP: 31/32 MP: 5/7
   979 | D:2      | Identified the +1 leather armour "Iphugg" {Will+ Regen+
                  | Str+3}
   982 | D:2      | Found Diumo's Armour Shoppe.
  1388 | D:2      | Noticed Natasha
  1405 | D:2      | Killed Natasha
  1406 | D:2      | Reached XP level 5. HP: 25/37 MP: 8/8
  1410 | D:2      | Learned a level 3 spell: Spider Form
  1421 | D:2      | Learned a level 2 spell: Poisonous Vapours
  2282 | D:3      | Reached skill level 1 in Air Magic
  2282 | D:3      | Reached XP level 6. HP: 44/44 MP: 8/10
  2844 | D:4      | Reached skill level 5 in Poison Magic
  2881 | D:4      | Noticed a black bear
  2897 | D:4      | Killed a black bear
  2898 | D:4      | Reached XP level 7. HP: 34/52 MP: 6/11
  3189 | D:4      | Reached skill level 1 in Unarmed Combat
  3297 | D:4      | Noticed Menkaure
  3310 | D:4      | Killed Menkaure
  3593 | D:5      | Entered Level 5 of the Dungeon
  3602 | D:5      | Reached XP level 8. HP: 26/58 MP: 12/12
  3638 | D:5      | Found Lesoec's Magic Scroll Shoppe.
  3733 | D:5      | Found Surylel's Book Shop.
  3800 | D:5      | Found Zatekkokoa's Distillery.
  3808 | D:5      | Bought a potion of heal wounds for 55 gold pieces
  3812 | D:5      | Found an ancient bone altar of Kikubaaqudgha.
  3813 | D:5      | Found a radiant altar of Vehumet.
  3816 | D:5      | Found a shimmering blue altar of Sif Muna.
  3823 | D:5      | Got Sif Muna's Vellum of Points
  3863 | D:5      | Found Kangew's Weapon Shop.
  4229 | D:5      | Found an iron altar of Okawaru.
  4231 | D:5      | Found a bloodstained altar of Trog.
  4247 | D:5      | Became a worshipper of Warmaster Okawaru
  4279 | D:5      | Found a broken altar of Ashenzari.
  4703 | D:6      | Found Peor's Armour Shop.
  4914 | D:6      | Found a basalt altar of Yredelemnul.
  4924 | D:6      | Reached skill level 1 in Earth Magic
  5202 | D:6      | Found Tatepp's Distillery.
  5205 | D:6      | Bought a potion of mutation for 104 gold pieces
  5231 | D:6      | Found Dugra's Weapon Boutique.
  5386 | D:6      | Found a staircase to the Ecumenical Temple.
  5697 | D:6      | Reached XP level 9. HP: 57/65 MP: 14/14
  6155 | D:7      | Found a sparkling altar of Nemelex Xobeh.
  6293 | D:7      | Reached * piety under Okawaru
  6399 | D:7      | Reached skill level 5 in Unarmed Combat
  7073 | D:7      | Reached skill level 5 in Dodging
  7108 | D:7      | Reached skill level 5 in Transmutations
  7123 | D:7      | Reached skill level 5 in Fighting
  7281 | D:7      | Reached XP level 10. HP: 47/74 MP: 15/17
  7284 | D:7      | Reached ** piety under Okawaru
  7407 | D:7      | Reached skill level 5 in Spellcasting
  7495 | D:8      | Found a staircase to the Lair.
  7514 | D:8      | Identified the +0 cloak of the Orange {rElec rF+ Will+
                  | MP+9}
  7588 | D:8      | Reached skill level 5 in Earth Magic
  8296 | D:8      | Found a snail-covered altar of Cheibriados.
  8361 | D:8      | Found Zezogh's Assorted Antiques.
  8370 | D:8      | Bought a viscous white potion for 17 gold pieces
  8370 | D:8      | Bought a silver wand for 76 gold pieces
  8394 | D:8      | Identified 2 scrolls of acquirement
  8606 | D:8      | Acquired a staff of earth
  8610 | D:8      | Acquired the Quarto of Haze and Moulding
  9076 | D:9      | Found a glowing silver altar of Zin.
  9128 | D:9      | Found a shimmering altar of Xom.
  9460 | D:9      | Learned a level 5 spell: Lee's Rapid Deconstruction
  9474 | D:10     | Entered Level 10 of the Dungeon
  9504 | D:10     | Reached XP level 11. HP: 81/81 MP: 15/20
  9574 | D:10     | Found an ornate altar of the Wu Jian Council.
  9888 | D:10     | Noticed Urug
  9954 | D:10     | Demolished by Urug

Illustrated notes

Levels and vault maps discovered:
D:1:      eino_arrival_water_star, layout_rooms,
          hellmonk_ecumenical_altar_crossroads
D:2:      layout_basic, serial_shops, shop, nrook_campfire, uniq_natasha
D:3:      minmay_razor_zed, layout_loops_ring
D:4:      layout_loops_cross, minivault_25, moated_statue,
          minmay_misc_feat_rugged, uniq_menkaure
D:5:      layout_loops_ring, grunt_temple_overflow_bloody_war,
          grunt_temple_overflow_magic_moments, mainiacjoe_overflow_alcove_2,
          serial_shops, shop_fountains, nicolae_shop_crystal, shop, shop
D:6:      layout_basic, mainiacjoe_overflow_cross_hatched,
          lemuel_temple_firewalk_b, serial_shops, nicolae_shop_hallway_plus,
          nicolae_inconvenience_store, kennysheep_mini_moat
D:7:      layout_loops_ring, nemelex_dance_club_becter,
          chequers_serial_rivers_large_a
D:8:      layout_basic, cheibrodos_worm_habitat, erik_lair_orcish_takeover,
          serial_shops, nicolae_shop_waterfront
D:9:      layout_cave_pools, mainiacjoe_overflow_tiny_flanked,
          mainiacjoe_overflow_concentric_impassable, minivault_26
D:10:     layout_rooms, mainiacjoe_overflow_24_doors, overflow_temple_1_default,
          nicolae_figureground_sparkle, uniq_urug

Skill      XL: |  1  2  3  4  5  6  7  8  9 10 11 |
---------------+----------------------------------+-----
Poison Magic   | 1 3 4 6 |  6.0
Spellcasting   | 2 3 4 6 7 |  7.0
Transmutations | 3 5 7 8 |  8.2
Air Magic      | 1 |  1.0
Fighting       | 3 5 6 |  6.0
Dodging        | 3 4 5 6 |  6.0
Unarmed Combat | 3 4 5 6 |  6.0
Earth Magic    | 2 4 6 8 |  8.2
Axes           | |  2.0
Armour         | |  1.1
Stealth        | |  2.4

Action                     |  1- 3 |  4- 6 |  7- 9 | 10-12 || total
---------------------------+-------+-------+-------+-------++-------
  Melee: Hand axe          |    77 |   147 |    33 |    18 ||   275
         Kick              |    11 |    18 |     2 |       ||    31
         Unarmed           |       |       |   247 |   310 ||   557
         Punch             |       |       |     3 |     2 ||     5
         Staff             |       |       |       |     5 ||     5
   Cast: Beastly Appendage |    15 |    19 |     1 |       ||    35
         Poisonous Vapours |       |    10 |     3 |    10 ||    23
         Spider Form       |       |       |    41 |    39 ||    80
         Lee's Rapid Decon |       |       |       |     4 ||     4
 Invoke: Heroism           |       |       |     2 |    12 ||    14
Ability: End Transformatio |     1 |       |       |     1 ||     2
  Evoke: Wand              |       |       |     5 |     2 ||     7
    Use: Potion            |     1 |       |     3 |     2 ||     6
         Scroll            |       |     9 |     6 |     8 ||    23
   Stab: Sleeping          |     2 |     6 |     7 |     1 ||    16
 Armour: Leather armour    |    32 |    47 |    16 |     5 ||   100
         Skin              |       |       |    10 |     4 ||    14
  Dodge: Dodged            |    59 |   103 |   293 |   442 ||   897

Table legend: (Time is in decaauts)
 A = Elapsed time spent in this place.
 B = Non-inter-level travel time spent in this place.
 C = Inter-level travel time spent in this place.
 D = Time resting spent in this place.
 E = Time spent auto-exploring this place.
 F = Levels seen in this place.
 G = Mean time per level.
                   A        B        C        D        E       F      G
               +--------+--------+--------+--------+--------+-----+--------+
         Total |  10002 |   9531 |    471 |   1973 |   4896 |  10 | 1000.2 |
       Dungeon |  10002 |   9531 |    471 |   1973 |   4896 |  10 | 1000.2 |
               +--------+--------+--------+--------+--------+-----+--------+

Top non-repeatable levels by time:
     D:7: 1878 daAuts
     D:6: 1254 daAuts
     D:5: 1137 daAuts
     D:3: 1082 daAuts
     D:2: 982 daAuts
     D:4: 898 daAuts
     D:8: 887 daAuts
     D:9: 770 daAuts
     D:1: 684 daAuts
    D:10: 427 daAuts
